 Dungeon Crawl Stone Soup version 0.17.1-1-g73c8601 (webtiles) character file.

3279 Implojin the Grappler (level 9, -4/80 HPs)
             Began as a Troll Fighter on Apr 8, 2016.
             Killed from afar by an orc sorcerer (38 damage)
             ... with a bolt of negative energy
             ... on level 1 of the Orcish Mines.
             The game lasted 00:14:11 (2557 turns).

Implojin the Grappler (Troll Fighter)               Turns: 2557, Time: 00:14:11

Health: -4/80      AC:  7    Str: 26    XL:     9   Next: 69%
Magic:  17/17      EV:  7    Int:  4    God:
Gold:   218        SH:  8    Dex: 12    Spells: 0 memorised, 8 levels left

rFire  + . .     SeeInvis .       - Unarmed
rCold  + . .     Clarity  .     j - +0 robe {MR+}
rNeg   . . .     SustAt   .     b - +0 shield
rPois  +         Gourm    +     (helmet restricted)
rElec  +         Spirit   .     e - +1 cloak
rCorr  +         Warding  .     (gloves unavailable)
rMut   .         Stasis   .     (boots unavailable)
MR     +....                    F - amulet of rage
Stlth  +.........               t - ring of invisibility
                                h - ring of magical power

@: resistant, very slightly contaminated, drained, somewhat resistant to hostile
enchantments, very unstealthy
A: unfitting armour, claws 3, fast metabolism 3, gourmand, regeneration 2,
shaggy fur 1, tough skin 2
a: Evoke Berserk Rage, Evoke Invisibility


You were on level 1 of the Orcish Mines.
You were full.

You visited 3 branches of the dungeon, and saw 14 of its levels.

You collected 218 gold pieces.

Inventory:

Hand Weapons
 H - a +1 dagger of distortion
Missiles
 a - 8 tomahawks (quivered)
 J - 6 javelins
Armour
 b - a +0 shield (worn)
 e - a +1 cloak (worn)
 j - a +0 robe of magic resistance (worn)
Jewellery
 h - a ring of magical power (left claw)
 t - a ring of invisibility (right claw)
 w - an uncursed amulet of resist corrosion
 y - an uncursed ring of see invisible {unknown}
 F - an amulet of rage (around neck)
Wands
 k - a wand of teleportation (5)
 o - a wand of magic darts (10)
 u - a wand of draining (2)
 z - a wand of confusion (24)
 A - a wand of random effects (34)
 B - a wand of flame (25)
Scrolls
 f - 2 scrolls of recharging
 p - 3 scrolls of amnesia
 D - a scroll of vulnerability {unknown}
 E - a scroll of enchant weapon
 G - a scroll of enchant armour
Potions
 c - 2 potions of might
 i - a potion of flight
 l - a potion of brilliance
 m - 6 potions of curing
 n - 2 potions of invisibility
 r - a potion of cure mutation
 C - a potion of degeneration
Books
 x - a book of Conjurations

   Spells                             Type                      Level
   a - Magic Dart                     Conjuration                  1
   b - Searing Ray                    Conjuration                  2
   c - Dazzling Spray                 Conjuration/Hexes            3
   d - Fulminant Prism                Conjuration/Hexes            4
   e - Iskenderun's Mystic Blast      Conjuration                  4
   f - Iskenderun's Battlesphere      Conjuration/Charms           5
Comestibles
 d - 11 bread rations
 g - 3 beef jerkies
 q - a chunk of flesh
 s - 2 meat rations
 v - a royal jelly
 K - 3 fruits


   Skills:
 - Level 2.4(1.7) Fighting
 - Level 2.4(1.7) Dodging
 - Level 2.4(1.7) Shields
 * Level 13.3(12.4) Unarmed Combat


You had 8 spell levels left.
You didn't know any spells.

Dungeon Overview and Level Annotations

Branches:
Dungeon (12/15)            Temple (1/1) D:5            Lair (0/8) D:10
    Orc (1/4) D:11

Altars:
Ashenzari
Elyvilon
Fedhas
Gozag
Makhleb
Nemelex Xobeh
Qazlal
Sif Muna
Trog
Vehumet
Xom
Yredelemnul
Zin
The Shining One

Annotations:
D:10 Implojin's ghost, novice DDBe


Innate Abilities, Weirdness & Mutations

You are too large for most types of armour.
You have claws for hands.
Your metabolism is lightning-fast.
You like to eat raw meat.
You heal very quickly.
You are covered in fur (AC +1).
You have very tough skin (AC +2).


Message History

Your surroundings suddenly seem different.
An orc comes into view.
The helpless orc fails to defend itself.
You mangle the orc!!
You kill the orc!
An orc comes into view. It is wielding a mace.
You see here an orc corpse.
The helpless orc fails to defend itself.
You eviscerate the orc!!!
You kill the orc!
Found 18 gold pieces.
Found a stone staircase leading down.
Things that are here:
a mace; a ring mail There isn't anything to butcher here.
Unknown command.
You see here an orc corpse.
You butcher the orc corpse.
q - 4 chunks of flesh Unknown command.
Eat one of 4 chunks of flesh? (ye/n/q/i?) This raw flesh tastes great.
You continue eating. x2
Eat one of 3 chunks of flesh? (ye/n/q/i?) This raw flesh tastes great.
You continue eating. x2
Eat one of 2 chunks of flesh? (ye/n/q/i?) This raw flesh tastes great.
You continue eating. x2
You flicker for a moment.
Things that are here:
a mace; a ring mail You flicker back into view.
An orc sorcerer comes into view. It is wielding a dagger.
Found 30 gold pieces.
The orc sorcerer shouts! 3 orcs and an orc wizard come into view.
The orc moves out of view.
The orc sorcerer points at you and mumbles some strange words.
The bolt of negative energy hits you!
You feel drained.
You die...

##.#..#.#........#
...#..............#
..................###
.............).#....##
...............#.....#
...............##...##
......>.......####.##
.............## ###
...#.@..#......
#.$..............
##..o......$.....
#$...........#.#
o..........#.####
...........####
..o.o....###
.......o..


You could see an orc sorcerer, an orc priest (wandering), an orc wizard
(wandering) and 2 orcs.

Vanquished Creatures
  The ghost of Implojin the Grappler, a novice TrMo of Okawaru (D:7)
  3 yaks (D:10)
  A shadow (D:11)
  A hungry ghost (D:8)
  A hippogriff (D:8)
  Edmund (D:4)
  A black bear (D:7)
  An orc warrior (Orc:1)
  3 phantoms
  2 ogres
  3 centaurs
  A big kobold (D:11)
  4 giant frogs
  4 scorpions
  2 troll zombies (D:11)
  A crimson imp (D:7)
  2 orc priests
  A centaur zombie (D:5)
  4 hounds
  A giant frog skeleton (D:4)
  Jessica (D:3)
  An iguana (D:11)
  2 worker ants
  6 ogre zombies (D:11)
  A hound zombie (D:5)
  A worker ant zombie (D:7)
  2 shadow imps (D:6)
  An adder skeleton (D:8)
  An adder zombie (D:7)
  16 orcs
  A bat (D:1)
  A giant cockroach (D:1)
  A hobgoblin (D:1)
  3 jackals (D:7)
  8 kobolds
  A quokka (D:5)
  2 giant geckos
  A giant gecko skeleton (D:3)
  A giant newt (D:4)
  A goblin (D:1)
  3 goblin skeletons (D:11)
  A goblin zombie (D:11)
  A hobgoblin skeleton (D:11)
  4 hobgoblin zombies (D:11)
  3 orc skeletons (D:11)
  13 orc zombies (D:11)
  2 rats (D:1)
117 creatures vanquished.

Notes
Turn   | Place    | Note
--------------------------------------------------------------
     0 | D:1      | Implojin the Troll Fighter began the quest for the Orb.
     0 | D:1      | Reached XP level 1. HP: 22/22 MP: 0/0
    87 | D:1      | Reached XP level 2. HP: 26/29 MP: 1/1
   138 | D:3      | Noticed Jessica
   143 | D:3      | Killed Jessica
   143 | D:3      | Reached skill level 3 in Unarmed Combat
   143 | D:3      | Reached XP level 3. HP: 33/36 MP: 2/2
   173 | D:2      | Found a burning altar of Makhleb.
   173 | D:2      | Noticed a balrug
   206 | D:4      | Found a radiant altar of Vehumet.
   214 | D:4      | Noticed Edmund
   228 | D:4      | Killed Edmund
   228 | D:4      | Reached skill level 5 in Unarmed Combat
   228 | D:4      | Reached XP level 4. HP: 24/44 MP: 3/3
   228 | D:4      | Reached XP level 5. HP: 27/50 MP: 4/4
   237 | D:4      | Noticed a scorpion
   251 | D:4      | Killed a scorpion
   297 | D:4      | Reached skill level 6 in Unarmed Combat
   321 | D:5      | Entered Level 5 of the Dungeon
   393 | D:5      | Found a glowing silver altar of Zin.
   416 | D:6      | Reached XP level 6. HP: 57/59 MP: 5/5
   425 | D:6      | Noticed a centaur
   433 | D:6      | Killed a centaur
   433 | D:6      | Reached skill level 7 in Unarmed Combat
   528 | D:6      | Found a deep blue altar of Sif Muna.
   797 | D:7      | Found a blossoming altar of Fedhas.
   823 | D:7      | Reached XP level 7. HP: 59/66 MP: 6/6
   835 | D:7      | You fall through a shaft for 3 floors!
   835 | D:10     | Entered Level 10 of the Dungeon
   835 | D:10     | Found a staircase to the Lair.
   849 | D:10     | Reached skill level 8 in Unarmed Combat
   867 | D:10     | Noticed a yak
   869 | D:10     | Noticed a yak
   870 | D:10     | Noticed a yak
   871 | D:10     | Noticed Implojin's ghost (novice DDBe)
   883 | D:10     | Killed a yak
   888 | D:10     | Killed a yak
   888 | D:10     | Reached skill level 9 in Unarmed Combat
   896 | D:10     | Killed a yak
   896 | D:10     | Reached XP level 8. HP: 62/74 MP: 7/7
   998 | D:9      | Reached skill level 10 in Unarmed Combat
  1118 | D:7      | Noticed Implojin's ghost (novice TrMo)
  1125 | D:7      | Killed Implojin's ghost
  1125 | D:7      | Reached skill level 11 in Unarmed Combat
  1316 | D:7      | Reached XP level 9. HP: 68/80 MP: 8/8
  1553 | D:5      | Reached skill level 12 in Unarmed Combat
  1660 | D:5      | Found a staircase to the Ecumenical Temple.
  1674 | Temple   | Entered the Ecumenical Temple
  2157 | D:12     | Found a shimmering altar of Xom.
  2333 | D:11     | Found a staircase to the Orcish Mines.
  2383 | D:11     | Reached skill level 13 in Unarmed Combat
  2491 | Orc:1    | Entered Level 1 of the Orcish Mines
  2554 | Orc:1    | Noticed an orc sorcerer
  2557 | Orc:1    | Killed from afar by an orc sorcerer

Action                   |  1- 3 |  4- 6 |  7- 9 || total
-------------------------+-------+-------+-------++-------
Melee: Unarmed           |    41 |    48 |   246 ||   335
Throw: Tomahawk          |       |       |     6 ||     6
Evoke: Wand              |       |       |     2 ||     2
  Use: Scroll            |     2 |     4 |    10 ||    16
       Potion            |       |       |     2 ||     2
 Stab: Invisible         |       |       |     4 ||     4
       Sleeping          |       |       |     2 ||     2
  Eat: Chunk             |       |     2 |    10 ||    12
       Meat ration       |       |     1 |     2 ||     3
       Pizza             |       |       |     2 ||     2

Table legend:
 A = Turns spent in this place as a percentage of turns spent in the entire game.
 B = Non-inter-level travel turns spent in this place as a percentage of non-inter-level travel turns spent in the entire game.
 C = Inter-level travel turns spent in this place as a percentage of turns spent in this place.
 D = Turns resting spent in this place as a percentage of non-inter-level travel turns spent in this place.
 E = Turns spent auto-exploring this place as a percentage of non-inter-level travel turns spent in this place.
 F = Non-inter-level travel turns spent in this place divided by the number of levels of this place that you've seen.
                   A       B       C       D       E      F
               +-------+-------+-------+-------+-------+----------------------
         Total | 100.0 | 100.0 |   0.0 |   0.0 |   0.0 | 177.1
       Dungeon |  93.4 |  93.4 |   0.0 |   0.0 |   0.0 | 193.1
        Temple |   3.8 |   3.8 |   0.0 |   0.0 |   0.0 |  93.0
  Orcish Mines |   2.8 |   2.8 |   0.0 |   0.0 |   0.0 |  70.0
               +-------+-------+-------+-------+-------+----------------------

Table legend:
 A = Kills in this place as a percentage of kills in entire the game.
 B = Kills by you in this place as a percentage of kills by you in the entire game.
 C = Kills by friends in this place as a percentage of kills by friends in the entire game.
 D = Other kills in this place as a percentage of other kills in the entire game.
 E = Experience gained in this place as a percentage of experience gained in the entire game.
 F = Experience gained in this place divided by the number of levels of this place that you have seen.
                   A       B       C       D       E      F
               +-------+-------+-------+-------+-------+----------------------
         Total | 100.0 | 100.0 |  -nan |  -nan | 100.0 | 334.6
       Dungeon |  88.9 |  88.9 |  -nan |  -nan |  93.7 | 365.7
  Orcish Mines |  11.1 |  11.1 |  -nan |  -nan |   6.3 | 297.0
               +-------+-------+-------+-------+-------+----------------------
